Map: Post-Youth LE

Players

SilverSurfer

  • Race: Terran Terran
  • League: Silver
  • Spawn Location: 7:00

Sekvodka - Winner!

  • Race: Zerg Zerg
  • League: Silver
  • Spawn Location: 1:00

VOD

Have the link to the VOD?

Description

Time

  • Played on: Oct. 11, 2024, 4:05 a.m.
  • Length: 12:42
Show
View Real Time Build Order
Export as new Build Order

SilverSurfer Terran 

Build Orders: Reaper Expand 

Get SALT Encoding   

  12  0:00  SCV  
  13  0:13  SCV  
  14  0:18  Supply Depot  
  14  0:25  SCV  
  15  0:40  SCV  
  16  0:45  Barracks  
  16  0:51  Refinery  
  16  0:54  SCV  
  17  1:06  SCV  
  19  1:18  SCV  
  19  1:40  Reaper  
  19  1:45  Command Center  
  20  1:53  Orbital Command  
  20  2:01  Supply Depot  
  20  2:12  Marine  
  21  2:20  Supply Depot  
  21  2:30  SCV  
  21  2:42  SCV  
  22  2:47  Factory  
  22  2:48  Refinery  
  22  2:54  SCV  
  23  3:01  Orbital Command  
  23  3:04  Barracks Reactor  
  23  3:06  SCV  
  24  3:18  SCV  
  25  3:30  SCV  
  26  3:38  SCV  
  27  3:42  SCV  
  27  3:47  Factory Tech Lab  
  27  3:48  Starport  
  27  3:49  Marine  
  27  3:50  SCV, Marine  
  27  3:54  SCV  
  31  4:02  SCV  
  32  4:06  SCV  
  32  4:07  Marine, Siege Tank  
  37  4:14  SCV  
  38  4:18  SCV  
  38  4:23  Marine  
  40  4:25  Marine  
  40  4:27  SCV  
  40  4:31  SCV  
  43  4:39  SCV  
  43  4:41  Marine  
  45  4:51  Barracks  
  45  4:53  Marine  
  45  4:55  Barracks  
  45  4:56  Barracks  
  45  4:57  Siege Tank  
  45  4:59  Barracks, Marine, Viking  
  52  5:11  Marine  
  52  5:12  Refinery x2  
  53  5:17  Marine  
  54  5:28  SCV x2  
  54  5:29  Marine  
  54  5:30  Supply Depot x2  
  54  5:31  Supply Depot x2  
  54  5:35  Marine  
  58  5:47  Marine, Barracks Tech Lab  
  58  5:48  Barracks Reactor x2, Barracks Tech Lab  
  59  5:51  Siege Tank  
  59  5:52  Starport Reactor, Marine  
  63  5:58  SCV x2  
  65  6:05  Marine  
  65  6:10  Marine  
  67  6:19  Marine  
  67  6:20  Engineering Bay, Marine  
  67  6:22  Marine  
  67  6:23  Siege Tank  
  73  6:28  Marine  
  74  6:39  SCV x2  
  76  6:41  Marine x7  
  76  6:43  Stimpack  
  76  6:44  Combat Shield  
  76  6:46  Marine  
  84  6:48  Terran Infantry Weapons Level 1  
  84  6:58  Marine  
  84  6:59  Marine x2  
  87  7:15  Marine x4  
  90  7:17  Siege Tank  
  90  7:19  Medivac x2  
  98  7:26  SCV x2  
  100  7:35  Supply Depot x2  
  100  7:39  Supply Depot  
  100  7:44  Command Center  
  100  7:49  Medivac  
  60  8:21  Marine x3  
  60  8:22  Marine x3  
  60  8:23  Siege Tank  
  60  8:24  Medivac x2  
  73  8:29  Marine  
  73  8:30  Marine  
  75  8:39  Marine x3  
  78  8:58  Planetary Fortress  
  78  9:05  SCV x2  
  78  9:09  Marine x5  
  84  9:10  Marine x3  
  84  9:13  Siege Tank  
  84  9:14  Medivac  
  84  9:15  Medivac  
  95  9:17  SCV  
  95  9:18  SCV  
  97  9:27  Marine x4  
  97  9:29  SCV  
  102  9:34  SCV  
  102  9:35  SCV  
  104  9:41  SCV  
  104  9:43  Marine x4  
  104  9:44  Medivac  
  104  9:45  Medivac, Siege Tank  
  116  9:46  SCV  
  116  9:47  SCV  
  118  9:53  SCV  
  118  9:54  Refinery  
  118  9:56  Refinery  
  118  9:58  SCV  
  118  9:59  SCV  
  121  10:07  Factory, SCV  
  122  10:08  Factory, Marine x6  
  122  10:09  Marine x2  
  122  10:10  SCV  
  131  10:14  Medivac  
  131  10:15  Medivac  
  131  10:17  Siege Tank  
  138  10:27  SCV x2  
  140  10:29  Marine x6  
  140  10:35  Supply Depot  
  146  10:36  Supply Depot  
  146  10:37  Supply Depot  
  146  10:47  SCV  
  141  11:45  Marine x4  
  141  11:46  Marine x2  
  145  11:47  Siege Tank  
  145  11:48  Medivac x2  
  150  12:01  Factory Tech Lab  
  150  12:02  Factory Tech Lab  
Show
View Real Time Build Order
Export as new Build Order

Sekvodka Zerg - Winner!

Build Orders: Hatch First 

Get SALT Encoding   

  12  0:00  Drone  
  13  0:12  Overlord  
  13  0:17  Drone  
  14  0:25  Extractor, Drone  
  15  0:32  Drone  
  16  0:50  Hatchery  
  16  0:52  Drone  
  16  1:07  Drone x3  
  16  1:08  Extractor  
  18  1:23  Spawning Pool  
  18  1:25  Drone  
  18  1:35  Drone  
  19  1:46  Overlord  
  19  1:50  Drone  
  20  2:02  Drone  
  21  2:10  Queen  
  21  2:11  Queen  
  21  2:14  Drone x3  
  28  2:25  Metabolic Boost  
  28  2:33  Drone x2  
  29  2:44  Hatchery  
  28  2:48  Drone x2  
  30  2:55  Zergling x4  
  32  3:01  Queen  
  32  3:03  Drone  
  35  3:12  Zergling x2  
  36  3:24  Overlord  
  36  3:25  Overlord x2  
  36  3:42  Queen  
  38  3:49  Drone  
  38  3:50  Drone x2  
  38  3:52  Drone  
  38  3:53  Drone x3  
  45  3:57  Queen  
  45  3:58  Overlord  
  47  4:15  Queen  
  49  4:18  Drone x5  
  49  4:19  Drone x2  
  49  4:21  Queen  
  49  4:23  Drone  
  59  4:38  Drone x4  
  63  4:41  Drone x3  
  63  4:42  Extractor  
  65  4:51  Queen  
  67  4:57  Drone x2  
  67  4:58  Overlord, Drone x2  
  67  4:59  Overlord  
  70  5:09  Lair  
  70  5:15  Evolution Chamber x2  
  70  5:16  Roach Warren, Baneling Nest  
  70  5:19  Drone x3  
  70  5:20  Drone x2  
  71  5:22  Drone x2  
  71  5:23  Drone  
  71  5:24  Drone  
  71  5:28  Extractor  
  74  5:30  Extractor  
  73  5:39  Hatchery  
  73  5:41  Hatchery  
  71  5:47  Zerg Melee Weapons Level 1  
  71  5:48  Zerg Ground Armor Level 1  
  71  5:51  Hatchery  
  70  6:07  Drone x3  
  70  6:08  Drone  
  74  6:17  Zergling x32  
  90  6:26  Overlord  
  90  6:27  Overlord x2  
  90  6:35  Overlord  
  90  6:36  Overlord x3  
  90  6:50  Centrifugal Hooks  
  90  6:55  Hydralisk Den  
  90  6:56  Zergling x28  
  90  6:57  Baneling x11  
  90  7:00  Hatchery  
  102  7:06  Queen  
  102  7:08  Queen  
  104  7:09  Drone x3  
  109  7:17  Drone  
  109  7:19  Drone  
  111  7:33  Overlord x2  
  111  7:34  Overlord  
  111  7:44  Hydralisk  
  111  7:45  Hydralisk  
  111  7:46  Overlord x2  
  111  7:47  Overlord x2  
  111  7:48  Zergling x2  
  116  7:55  Drone x5  
  116  8:08  Zergling x2  
  116  8:09  Zergling x32  
  111  8:15  Zergling x8  
  111  8:16  Queen  
  117  8:22  Hydralisk x4  
  117  8:23  Hydralisk  
  117  8:26  Overlord x2  
  127  8:29  Queen  
  127  8:33  Zerg Melee Weapons Level 2  
  127  8:34  Zerg Ground Armor Level 2  
  129  8:38  Grooved Spines  
  129  8:39  Evolution Chamber  
  128  8:52  Queen  
  128  8:53  Drone x2  
  128  8:54  Drone x6  
  138  8:58  Drone x2  
  138  9:00  Zergling x22  
  138  9:01  Baneling x10  
  151  9:29  Hydralisk  
  151  9:30  Hydralisk x5  
  163  9:32  Zergling x2  
  163  9:34  Zergling x22  
  172  9:47  Hatchery  
  158  10:07  Zerg Missile Weapons Level 1  
  158  10:08  Zergling x34  
  158  10:09  Zergling x20  
  185  10:14  Extractor  
  185  10:15  Drone  
  185  10:16  Extractor, Overlord x2  
  184  10:34  Queen  
  184  10:35  Infestation Pit  
  185  10:37  Zergling x2  
  185  10:38  Zergling x26  
  185  10:40  Baneling x23  
  199  11:13  Hive  
  199  11:24  Hatchery  
  198  11:27  Overlord x2  
  198  11:28  Overlord x14  
  194  11:54  Queen  
  165  12:09  Zergling x86  
  194  12:22  Zergling x12  
Tags
 
Add a new tag
Caveats
  • Supply blocks, unpowered buildings, or Contaminate may cause inaccurate times.
  • Supply counts are checked every 10 seconds.